AoeStats
← Enkidu

Arabia

510599715Analyzed
1v1 RM · 2d ago on Oct 1, 2026· 28m 23s· 2 players
Game mode
Random Map
Map size
Tiny (2 player)
Population
200
Speed
Normal
Resources
Standard
Victory
Conquest
Starting age
Dark Age
Ending age
Imperial Age
RankedLock teamsTeams togetherTeam positionsShared explorationLock speedFull tech treeHidden civsTurbo modeCheats
Victory
Defeat
🇦🇷 Japanese · Argentina
1245
+15
🇹🇷 Slavs · Türkiye
1227
-15
Enkidu
6:41 Loom
9:17 Feudal Age
10:43 Double-Bit Axe
11:33 Man-at-Arms
14:36 Horse Collar
17:33 Fletching
22:20 Castle Age
25:21 Bow Saw
25:58 Bloodlines
28:27 Heavy Plow
DS_ReYDeR
6:28 Loom
8:51 Feudal Age
10:55 Double-Bit Axe
12:01 Fletching
12:46 Town Watch
23:03 Castle Age
22:48 Gold Mining
23:09 Scale Barding Armor
23:15 Forging
23:23 Bloodlines
23:52 Bodkin Arrow
23:52 Crossbowman
25:15 Padded Archer Armor
25:51 Husbandry
25:44 Horse Collar
27:53 Chain Barding Armor
28:27 Ballistics
Connection lost

Rejoining the realm…

Still unreachable

The connection could not be restored.

Session expired

The server has moved on; the page needs a fresh start.